 Dungeon Crawl Stone Soup version 0.31-a0-865-g3d5d91748a (webtiles) character file.

Game seed: 9209794929080370428

227922 Atlas the Eclecticist (level 18, -10/117 HPs)
             Began as a Demonspawn Fire Elementalist on Oct 10, 2023.
             Was the Champion of Vehumet.
             Mangled by an alligator snapping turtle (39 damage)
             ... on level 4 of the Shoals.
             The game lasted 02:01:56 (40107 turns).

Atlas the Eclecticist (DsFE)                       Turns: 40107, Time: 02:01:57

Health: -10/117    AC: 16    Str:  9    XL:     18   Next: 69%
Magic:  47/60      EV: 13    Int: 31    God:    Vehumet [******]
Gold:   2317       SH:  5    Dex: 13    Spells: 9/57 levels left

rFire   . . .        y - staff of conjuration
rCold   + . .        C - +0 buckler
rNeg    . . .        d - +1 troll leather armour of Tartarus {Rampage +Inv rElec Regen+ Int+6}
rPois   +            T - +2 hat {Stlth+}
rElec   +            (cloak unavailable)
rCorr   .            o - +2 pair of gloves {infuse}
SInv    .            U - +2 pair of boots
Will    ++...        R - amulet "Ranojuom" {Acrobat rPois MP+9}
Stlth   ++           L - ring of willpower
HPRegen 1.19/turn    c - ring "Kigunt" {rElec rC+ MP+9}
MPRegen 0.74/turn

%: acrobat, rampage, infuse magic (1 MP)
@: very slightly contaminated, studying 2 skills, very slow
A: icy blue scales 2, icemail 1, magic regeneration, condensation shield,
corrupting presence 1, weakness stinger 3
}: 1/15 runes: barnacled
a: Renounce Religion, Evoke Invisibility


You were on level 4 of the Shoals.
You worshipped Vehumet.
Vehumet was exalted by your worship.
You visited 6 branches of the dungeon, and saw 30 of its levels.
You also visited: Bailey, Gauntlet and Ice Cave.

You collected 3091 gold pieces.
You spent 774 gold pieces at shops.

Inventory:

Hand Weapons
 G - the +0 trident of War {flame, rC++}
   (You found it on level 3 of the Lair of Beasts)

   rC++:      It greatly protects you from cold.
 M - the +6 arbalest "Damnation" {damnation}
   (You found it on level 3 of the Elven Halls)
 O - the +10 dark maul {heavy}
   (You took it off a deep elf annihilator on level 3 of the Elven Halls)
 Z - a +5 demon whip of electrocution
Armour
 d - the +1 troll leather armour of Tartarus (worn) {Rampage +Inv rElec Regen+ Int+6}
   (You took it off a deep elf master archer on level 3 of the Elven Halls)

   Int+6:     It affects your intelligence (+6).
   rElec:     It insulates you from electricity.
   +Inv:      It lets you turn invisible.
   Regen+:    It increases your rate of health regeneration.
   Rampage:   It bestows one free step when moving towards enemies.
 o - a +2 pair of gloves of infusion (worn)
 C - a +0 buckler (worn)
 T - a +2 hat of stealth (worn)
 U - a +2 pair of boots (worn)
Magical Staves
 y - a staff of conjuration (weapon)
Jewellery
 c - the ring "Kigunt" (right hand) {rElec rC+ MP+9}
   (You acquired it on level 1 of the Shoals)

   [ring of magical power]

   rC+:       It protects you from cold.
   rElec:     It insulates you from electricity.
   MP+9:      It affects your magic capacity (+9).
 r - a ring of see invisible
 A - the dreamshard necklace {Acrobat *Dream}
   (You took it off a deep elf master archer on level 3 of the Elven Halls)

   [amulet of the acrobat]

   *Dream:    It absorbs a single lethal wound into itself, holding its wearer
   just short of death and releasing dream-creatures to guard them.
   Acrobat:   It increases your evasion while moving and waiting.
 D - a +4 ring of protection
 E - a ring of flight
 J - a ring of willpower
 L - a ring of willpower (left hand)
 R - the amulet "Ranojuom" (around neck) {Acrobat rPois MP+9}
   (You found it in a Gauntlet)

   [amulet of the acrobat]

   Acrobat:   It increases your evasion while moving and waiting.
   rPois:     It protects you from poison MP+9: It affects your magic capacity
   (+9).
Wands
 a - a wand of charming (45)
 h - a wand of iceblast (30)
 j - a wand of mindburst (24)
 l - a wand of flame (51)
 u - a wand of light (14)
 x - a wand of polymorph (6)
 H - a wand of digging (15)
Scrolls
 e - a scroll of immolation
 f - 2 scrolls of amnesia
 g - 7 scrolls of revelation
 i - 11 scrolls of teleportation
 m - 5 scrolls of enchant weapon
 q - a scroll of fog
 w - 3 scrolls of vulnerability
 z - 5 scrolls of enchant armour
 B - 2 scrolls of brand weapon
 I - 8 scrolls of fear
 P - a scroll of silence
 S - 2 scrolls of summoning
 W - 11 scrolls of identify
Potions
 b - 3 potions of magic
 n - 3 potions of brilliance
 p - 11 potions of curing
 s - 2 potions of berserk rage
 t - 5 potions of might
 v - 3 potions of attraction
 F - 2 potions of resistance
 K - 2 potions of enlightenment
 N - 2 potions of heal wounds
 Q - a potion of haste
 V - 2 potions of lignification
 X - 3 potions of ambrosia
 Y - 7 potions of mutation
Miscellaneous
 k - a sack of spiders


   Skills:
 + Level 3.7 Fighting
 + Level 1.3 Short Blades
 + Level 0.5 Staves
 + Level 4.7 Armour
 + Level 6.0 Dodging
 + Level 5.0 Stealth
 + Level 4.3 Shields
 + Level 20.0 Spellcasting
 + Level 14.4 Conjurations
 + Level 2.3 Necromancy
 + Level 13.0 Fire Magic
 + Level 5.7 Air Magic
 + Level 12.7 Earth Magic
 + Level 1.4 Evocations


You had 9 spell levels left.
You knew the following spells:

 Your Spells              Type           Power      Damage    Failure   Level
a - Scorch                Fire           100%       2d9       0%          2
b - Foxfire               Conj/Fire      100%       2x1d9     0%          1
c - Flame Wave            Conj/Fire      100%       2d21      1%          4
d - Fireball              Conj/Fire      54%        3d21      1%          5
e - Stone Arrow           Conj/Erth      100%       3d13      1%          3
f - Swiftness             Air            61%        N/A       1%          3
g - Lee's Rapid Deconstr  Erth           41%        3d20*     1%          5
h - Airstrike             Air            30%        2d(5-21)  1%          4
i - Borgnjor's Vile Clut  Necr/Erth      33%        N/A       3%          5
j - Ignition              Fire           42%        3d12      19%         8
k - Maxwell's Capacitive  Air            30%        ∞         96%         8

Your spell library contained the following spells:

 Spells                   Type           Power      Damage    Failure   Level
 Fire Storm               Conj/Fire      54%        8d14      88%         9
 Chain Lightning          Conj/Air       48%        3d64      100%        9
 Polar Vortex             Ice            15%        12d2*     100%        9
 Sandblast                Erth           100%       2d20      0%          1
 Searing Ray              Conj           100%       2d8       0%          2
 Kiss of Death            Conj/Necr      100%       2d13      1%          1
 Shock                    Conj/Air       100%       1d9       1%          1
 Cigotuvi's Dreadful Rot  Necr/Pois/Air  94%        N/A       1%          2
 Momentum Strike          Conj/Tloc      100%       3d10      1%          2
 Passwall                 Tmut/Erth      52%        N/A       1%          2
 Poisonous Vapours        Pois/Air       96%        N/A       1%          2
 Dazzling Flash           Conj/Hex       100%       N/A       1%          3
 Inner Flame              Hex/Fire       63%        N/A       1%          3
 Volatile Blastmotes      Fire/Tloc      100%       2d18      1%          3
 Brom's Barrelling Bould  Conj/Erth      100%       2d11      1%          4
 Fulminant Prism          Conj/Hex       42%        3d19      1%          4
 Iskenderun's Mystic Bla  Conj/Tloc      85%        2d17      1%          4
 Sticky Flame             Conj/Fire      100%       2d11      1%          4
 Freezing Cloud           Conj/Ice/Air   41%        6-21      1%          5
 Iskenderun's Battlesphe  Conj           100%       2d15      1%          5
 Conjure Ball Lightning   Conj/Air       48%        3x3d17    1%          6
 Starburst                Conj/Fire      54%        6d15      1%          6
 Orb of Destruction       Conj           55%        9d14      1%          7
 Slow                     Hex            100%       N/A       2%          1
 Sting                    Tmut/Pois      100%       1d8       2%          1
 Summon Small Mammal      Summ           100%       N/A       2%          1
 Vampiric Draining        Necr           45%        2d9       2%          3
 Blink                    Tloc           62%        N/A       3%          2
 Lesser Beckoning         Tloc           62%        N/A       3%          2
 Olgreb's Toxic Radiance  Pois           31%        N/A       6%          4
 Call Canine Familiar     Summ           31%        N/A       7%          3
 Confusing Touch          Hex            31%        N/A       7%          3
 Gell's Gravitas          Tloc           31%        N/A       7%          3
 Sigil of Binding         Hex            31%        N/A       7%          3
 Summon Guardian Golem    Hex/Summ       31%        N/A       7%          3
 Teleport Other           Tloc           31%        N/A       7%          3
 Animate Dead             Necr           45%        N/A       9%          4
 Dispel Undead            Necr           45%        3d17      9%          4
 Yara's Violent Unravell  Hex/Tmut       15%        3d8       17%         5
 Silence                  Hex/Air        24%        N/A       21%         5
 Manifold Assault         Tloc           31%        N/A       22%         4
 Agony                    Necr           45%        N/A       24%         5
 Summon Forest            Summ/Tloc      15%        N/A       54%         5
 Summon Mana Viper        Hex/Summ       31%        N/A       54%         5
 Death Channel            Necr           22%        N/A       80%         6
 Dispersal                Tloc           15%        N/A       98%         6
 Summon Cactus Giant      Summ           15%        N/A       98%         6
 Enfeeble                 Hex            15%        N/A       100%        7
 Malign Gateway           Summ/Tloc      15%        N/A       100%        7
 Disjunction              Tloc           15%        N/A       100%        8


Dungeon Overview and Level Annotations

Branches:
Dungeon (15/15)            Temple (1/1) D:6            Lair (5/5) D:10
 Shoals (4/4) Lair:2       Spider (0/4) Lair:3        Slime (0/5) Lair:4
    Orc (2/2) D:9             Elf (3/3) Orc:2        Vaults (0/5) D:13
 Depths (0/4) D:15         Bailey (visited)           IceCv (visited)
Gauntlet (visited)

Altars:
Ashenzari
Cheibriados
Dithmenos
Fedhas
Gozag
Hepliaklqana
Kikubaaqudgha
Makhleb
Nemelex Xobeh
Okawaru
Qazlal
Ru
Sif Muna
Trog
Uskayaw
Vehumet
Wu Jian
Xom
Yredelemnul
Jiyva
Lugonu

Shops:
D:10 *   D:14 [   Orc:2 :=!?   Elf:3 !

Portals:
Hell: Lair:5

Annotations:
Elf:2 3 runed translucent doors


Innate Abilities, Weirdness & Mutations

You are mostly covered in icy blue scales. (AC +3)
A meltable icy envelope protects you from harm. (AC +0)
You regenerate magic rapidly.
A meltable shield of frost defends you. (SH +0)
Your presence sometimes corrodes those you injure.
You have a sharp stinger which inflicts weakening toxins.


Message History

You are very lightly contaminated with residual magic.
You are caught in a fiery explosion!
The merfolk impaler hits you from afar with a +2 trident of flaming!
The merfolk impaler burns you.
The merfolk impaler hits you from afar with a +2 trident of flaming!
The merfolk impaler burns you.
Unknown command.
Unknown command.
Casting: Ignition (quite dangerous; 19% risk of failure)
Confirm with . or Enter, or press ? or * to list all spells.
Casting: Ignition (quite dangerous; 19% risk of failure)
Press: ? - help, Dir - look around, f - activate The air bursts into flame!
The fireball engulfs the merfolk impaler!
You kill the merfolk impaler!
Vehumet accepts your kill.
You feel your power returning.
The fireball engulfs the merfolk!
The merfolk is severely wounded.
The fireball engulfs the alligator snapping turtle but does no damage.
The alligator snapping turtle is lightly wounded.
The fireball engulfs the alligator snapping turtle!!
The alligator snapping turtle is moderately wounded.
The fireball engulfs the alligator snapping turtle!
The alligator snapping turtle is lightly wounded.
The fireball engulfs the merfolk!
The merfolk is almost dead.
The fireball engulfs the alligator snapping turtle!
The alligator snapping turtle is moderately wounded.
The fireball engulfs the alligator snapping turtle.
The alligator snapping turtle is moderately wounded.
The fireball engulfs the alligator snapping turtle.
The alligator snapping turtle is lightly wounded.
The fireball engulfs the merfolk!
You kill the merfolk!
Vehumet accepts your kill.
You feel your power returning.
The alligator snapping turtle bites you from afar!
* * * LOW HITPOINT WARNING * * *
The alligator snapping turtle bites you from afar!!!
You die...

≈≈≈≈≈≈≈≈~~P~~P~P#..)..#~
≈≈≈≈≈≈≈~P~~~P..<#.....#~
≈≈≈≈≈≈~PPP~.P...##...##≈
≈≈≈≈≈≈~~~........#####≈≈
≈≈≈≈≈~~~PP.......~~~~≈≈≈
≈≈≈≈≈P~~P#####....~~~≈≈≈
≈≈≈≈≈~P~##...##.^..~~~≈≈
≈≈≈≈≈~~~#t....#.~~~~~~~≈
≈≈≈≈≈~P@')))..#..~~~~...
≈≈≈≈≈~~~#t§...#..##.....
≈≈≈≈≈≈~~##§~.##..##).##.
≈≈≈≈≈≈≈~~ ####..###..##.
≈≈≈≈≈≈≈≈~ ~~.. #...##.
≈≈≈≈≈≈≈≈≈~ ~~~..........
≈≈≈≈≈≈≈≈≈~ ~~~~..~~~~...
≈≈≈≈≈≈≈≈≈m≈ ~~~~~~~...
~~~~~~~...


You could see 2 alligator snapping turtles and a water nymph.

Vanquished Creatures
  Mara (Shoals:3)
  Rupert (Lair:5)
  4 deep elf blademasters (Elf:3)
  A lich (IceCv)
  3 deep elf master archers (Elf:3)
  Polyphemus (Shoals:4)
  Gastronok (Lair:1)
  Roxanne (Shoals:1)
  Kirke (Shoals:1)
  4 deep elf sorcerers (Elf:3)
  3 deep elf elementalists (Elf:3)
  2 orc warlords (Orc:2)
  Azrael (D:14)
  A deep elf demonologist (Elf:1)
  7 deep elf annihilators
  2 eleionomae (Shoals:1)
  3 deep elf death magi (Elf:3)
  4 merfolk javelineers
  An ettin (Orc:1)
  5 merfolk impalers
  Josephine (D:13)
  2 deep elf high priests
  A rakshasa (D:15)
  7 hydras
  An ice dragon (Lair:1)
  4 caustic shrike simulacra (IceCv)
  2 merfolk avatars
  8 merfolk aquamancers
  2 catoblepae
  A two-headed ogre (Orc:2)
  14 centaur warriors
  13 dancing weapons
  9 boulder beetles
  15 death yaks
  4 satyrs
  3 orc high priests (Orc:2)
  A tengu warrior (D:14)
  A deep troll earth mage (D:15)
  Nergalle (D:12)
  Sonja (D:13)
  7 deep elf knights
  A sixfirhy (Lair:5)
  2 skysharks
  15 sea snakes
  A flayed ghost (D:15)
  3 bog bodies (IceCv)
  3 deep elf archers
  12 orc knights
  An obsidian statue (IceCv)
  3 spriggan simulacra (IceCv)
  A wizard (Lair:5)
  3 harpies (Shoals:4)
  A lindwurm (Lair:5)
  An oklob plant (Lair:1)
  26 deep elf pyromancers
  17 deep elf zephyrmancers
  A necromancer (IceCv)
  8 ugly things
  4 orc sorcerers
  6 cyclopes
  15 manticores
  15 fauns
  8 elephants
  A black mamba (shapeshifter) (D:13)
  Maurice (D:11)
  4 water nymphs
  7 merfolk sirens
  2 vault sentinels (D:14)
  4 black mambas
  16 cane toads
  2 gargoyles
  A molten gargoyle (Gauntlet)
  An orange demon (Lair:5)
  A smoke demon (Lair:5)
  4 torpor snails
  Jeremiah (D:9)
  2 unseen horrors
  7 rime drakes
  16 freezing wraiths
  4 ice devils
  19 komodo dragons
  A golden dragon simulacrum (IceCv)
  A tengu conjurer (D:14)
  3 anaconda simulacra (IceCv)
  2 kobold demonologists (D:12)
  31 merfolk
  3 red devils (Lair:5)
  7 wind drakes
  2 meliai
  2 queen bees
  3 alligator simulacra (IceCv)
  A hornet (D:11)
  4 polar bears
  A wolf spider simulacrum (D:14)
  8 trolls
  11 snapping turtles
  19 blink frogs
  Prince Ribbit (D:6)
  3 dream sheep (Lair:4)
  12 slime creatures
  A centaur simulacrum (D:14)
  A spriggan (D:12)
  2 vampires
  2 shadows
  2 dire elephant simulacra (IceCv)
  An air elemental (Elf:3)
  6 wraiths
  A spriggan (shapeshifter) (Elf:1)
  4 hogs (Shoals:1)
  A wyvern (D:7)
  7 basilisks
  18 water elementals
  4 fire elementals
  68 yaks
  2 vampire mosquitoes (D:10)
  A steam dragon (D:7)
  3 acid dragons
  5 harpy simulacra (IceCv)
  A warg (shapeshifter) (D:15)
  3 wargs
  19 water moccasins
  10 hell hounds
  A hydra simulacrum (IceCv)
  3 ice beasts
  5 black bears
  43 orc warriors
  A sky beast (D:8)
  11 ogres
  An ettin simulacrum (IceCv)
  5 boggarts (D:14)
  18 wolves
  26 centaurs
  5 kobold brigands
  Blork the orc (D:6)
  12 bullfrogs
  2 deep troll simulacra (IceCv)
  5 earth elementals
  A gnoll sergeant (D:9)
  7 scorpions
  15 wights
  A hornet simulacrum (D:14)
  37 killer bees
  An elephant simulacrum (Lair:1)
  4 lindwurm simulacra (IceCv)
  4 electric eels
  A hound (D:6)
  3 gnoll boudas
  20 orc priests
  2 sleepcaps (D:8)
  6 jellies
  3 iguanas
  16 orc wizards
  A troll simulacrum (Lair:1)
  A polar bear simulacrum (Lair:1)
  14 gnolls
  7 adders
  A gnoll zombie (D:7)
  An orc zombie (D:7)
  4 shadow imps
  2 white imps
  2 ufetubi
  4 worms
  4 dart slugs (D:1)
  81 orcs
  11 bats
  5 endoplasms
  2 giant cockroaches
  11 hobgoblins
  3 quokkas
  10 ball pythons
  3 frilled lizards
  7 goblins
  20 kobolds
  2 rats
1118 creatures vanquished.

Vanquished Creatures (collateral kills)
  A freezing wraith (IceCv)
  2 foxfires (Lair:4)
3 creatures vanquished.

Vanquished Creatures (others)
  725 foxfires
725 creatures vanquished.

Grand Total: 1846 creatures vanquished

Notes
Turn   | Place    | Note
-------+----------+-------------------------------------------
     0 | D:1      | Atlas the Demonspawn Fire Elementalist began the quest for
                  | the Orb.
     0 | D:1      | Reached XP level 1. HP: 13/13 MP: 3/3
    32 | D:1      | Gained mutation: You are partially covered in icy blue
                  | scales. (AC +2) [demonic ancestry]
    32 | D:1      | Reached XP level 2. HP: 10/19 MP: 0/5
   529 | D:1      | Found a faded altar of an unknown god.
   688 | D:1      | Gained mutation: You have a small tail. [demonic ancestry]
   688 | D:1      | Reached XP level 3. HP: 24/24 MP: 1/6
   691 | D:1      | Learned a level 2 spell: Scorch
  2234 | D:3      | Gained mutation: You have a tail ending in a sharp stinger.
                  | [demonic ancestry]
  2234 | D:3      | Reached XP level 4. HP: 30/30 MP: 1/7
  2551 | D:3      | Found a shimmering blue altar of Sif Muna.
  2695 | D:3      | Found a snail-covered altar of Cheibriados.
  2709 | D:3      | Reached XP level 5. HP: 35/35 MP: 4/9
  2919 | D:3      | Reached skill level 3 in Spellcasting
  3763 | D:4      | Reached XP level 6. HP: 41/41 MP: 4/11
  4342 | D:4      | Reached skill level 4 in Spellcasting
  4588 | D:5      | Entered Level 5 of the Dungeon
  4642 | D:5      | Noticed a water moccasin
  4652 | D:5      | Killed a water moccasin
  4653 | D:5      | Gained mutation: You regenerate magic rapidly. [demonic
                  | ancestry]
  4653 | D:5      | Reached XP level 7. HP: 43/46 MP: 4/13
  4812 | D:5      | Reached skill level 1 in Short Blades
  4918 | D:5      | Reached skill level 5 in Fire Magic
  5374 | D:6      | Noticed Blork the orc
  5383 | D:6      | Killed Blork the orc
  5384 | D:6      | Reached skill level 1 in Armour
  5464 | D:6      | Identified the +1 trident "Zebar" {heavy, rN+ Dex+3}
  5479 | D:6      | Found an opulent altar of Gozag.
  5532 | D:6      | Found a staircase to the Ecumenical Temple.
  5563 | Temple   | Entered the Ecumenical Temple
  5620 | Temple   | Became a worshipper of Vehumet
  5753 | D:6      | Noticed Prince Ribbit
  5758 | D:6      | Killed Prince Ribbit
  5759 | D:6      | Reached skill level 1 in Fighting
  5759 | D:6      | Reached skill level 5 in Spellcasting
  5759 | D:6      | Reached XP level 8. HP: 41/54 MP: 8/15
  6479 | D:7      | Found a flagged portal.
  6488 | Bailey   | Entered a bailey
  6497 | Bailey   | Learned a level 4 spell: Flame Wave
  6522 | Bailey   | Reached skill level 6 in Spellcasting
  6675 | Bailey   | Reached * piety under Vehumet
  6675 | Bailey   | Offered knowledge of Kiss of Death by Vehumet.
  6841 | Bailey   | Reached XP level 9. HP: 53/60 MP: 8/18
  6972 | Bailey   | Identified the +3 short sword of Lead Ysa {vamp, *Rage MP-9
                  | Int+8 Dex+3}
  6973 | Bailey   | Found the +5 glaive of the Guard {elec, spectral}
  6973 | Bailey   | Noticed an orc knight
  7245 | Bailey   | Killed an orc knight
  7246 | Bailey   | Reached skill level 7 in Spellcasting
  7741 | D:7      | Found a transporter.
  8063 | D:7      | Reached ** piety under Vehumet
  8063 | D:7      | Offered knowledge of Sandblast by Vehumet.
  8222 | D:7      | Reached skill level 8 in Spellcasting
  8274 | D:7      | Found a shimmering altar of Xom.
  8274 | D:7      | Found a burning altar of Makhleb.
  8275 | D:7      | Found a broken altar of Ashenzari.
  8403 | D:7      | Reached skill level 5 in Conjurations
  8404 | D:7      | Reached XP level 10. HP: 50/67 MP: 14/22
  8464 | D:7      | Found a transporter.
  8601 | D:7      | Reached skill level 1 in Shields
  8974 | D:8      | Found an ancient bone altar of Kikubaaqudgha.
  9047 | D:7      | Acquired a book of the Spheres
  9055 | D:7      | Learned a level 5 spell: Fireball
  9175 | D:8      | Found a stormy altar of Qazlal.
  9406 | D:8      | Offered knowledge of Frozen Ramparts by Vehumet.
  9476 | D:8      | Reached *** piety under Vehumet
  9651 | D:8      | Found an iron altar of Okawaru.
  9656 | D:8      | Found an ornate altar of the Wu Jian Council.
  9756 | D:8      | Found a sacrificial altar of Ru.
  9785 | D:9      | Reached skill level 9 in Spellcasting
  9859 | D:9      | Offered knowledge of Sticky Flame by Vehumet.
  9872 | D:9      | Noticed Jeremiah
  9933 | D:9      | Killed Jeremiah
 10240 | D:9      | Found a staircase to the Orcish Mines.
 10535 | D:10     | Entered Level 10 of the Dungeon
 10565 | D:10     | Found a basalt altar of Yredelemnul.
 10580 | D:10     | Reached **** piety under Vehumet
 10587 | D:10     | Gained mutation: You have a sharp stinger which inflicts
                  | weakening toxins. [demonic ancestry]
 10587 | D:10     | Reached XP level 11. HP: 41/71 MP: 9/24
 10752 | D:10     | Found Nixomoze's General Store.
 10755 | D:10     | Reached skill level 10 in Spellcasting
 10854 | D:10     | Offered knowledge of Stone Arrow by Vehumet.
 10937 | D:10     | Found a staircase to the Lair.
 11103 | D:10     | Bought a potion of heal wounds for 70 gold pieces
 11475 | D:10     | Reached skill level 10 in Fire Magic
 11754 | D:11     | Noticed a boulder beetle
 11774 | D:11     | Reached skill level 11 in Spellcasting
 11815 | D:11     | Found a hide-covered altar of Uskayaw.
 11858 | D:11     | Noticed a boulder beetle
 11872 | D:11     | Learned a level 3 spell: Stone Arrow
 11999 | D:11     | Killed a boulder beetle
 12239 | D:11     | Noticed Maurice
 12242 | D:11     | Killed Maurice
 12424 | D:11     | Killed a boulder beetle
 12425 | D:11     | Reached skill level 1 in Earth Magic
 12425 | D:11     | Reached skill level 1 in Evocations
 12812 | D:12     | Noticed a boulder beetle
 12815 | D:12     | Noticed a red ugly thing
 12956 | D:12     | Found a gate leading to a gauntlet.
 12966 | Gauntlet | Entered a Gauntlet
 12966 | Gauntlet | Found a transporter.
 12966 | Gauntlet | Found a transporter.
 12969 | Gauntlet | Noticed a sixfirhy
 12979 | Gauntlet | Found a transporter.
 12995 | Gauntlet | Noticed a catoblepas
 12999 | Gauntlet | Found a transporter.
 12999 | Gauntlet | Found a transporter.
 13000 | Gauntlet | Found a transporter.
 13004 | Gauntlet | Found a transporter.
 13004 | Gauntlet | Found a transporter.
 13006 | Gauntlet | Noticed a ghost crab
 13018 | Gauntlet | Found a transporter.
 13036 | Gauntlet | Found a transporter.
 13047 | Gauntlet | Found a transporter.
 13049 | Gauntlet | Noticed a catoblepas
 13055 | Gauntlet | Found a transporter.
 13103 | Gauntlet | Found a transporter.
 13120 | Gauntlet | Found a transporter.
 13598 | Gauntlet | Identified the +4 cloak of Dithmenos, Singing {Will+}
 13948 | Gauntlet | Learned a level 3 spell: Swiftness
 13954 | Gauntlet | Identified the amulet "Ranojuom" {Acrobat rPois MP+9}
 14019 | Gauntlet | Identified the +10 pearl dragon scales of Dalleiza {rN+
                  | Str+4 Int+3}
 14019 | Gauntlet | Noticed a minotaur
 14047 | D:12     | Reached XP level 12. HP: 9/76 MP: 9/27
 14388 | D:12     | Killed a boulder beetle
 14389 | D:12     | Reached skill level 12 in Spellcasting
 14478 | D:12     | Noticed Nergalle
 14493 | D:12     | Killed Nergalle
 14611 | D:12     | Reached ***** piety under Vehumet
 14824 | D:12     | Offered knowledge of Lee's Rapid Deconstruction by Vehumet.
 14831 | D:12     | Learned a level 5 spell: Lee's Rapid Deconstruction
 15133 | D:13     | Noticed a centaur warrior
 15137 | D:13     | Killed a centaur warrior
 15495 | D:13     | Noticed an entropy weaver
 15499 | D:13     | an entropy weaver changed into a black mamba
 15549 | D:13     | Noticed a boulder beetle
 15566 | D:13     | Killed a boulder beetle
 15636 | D:13     | Found a gate to the Vaults.
 15698 | D:13     | Noticed a centaur warrior
 15724 | D:13     | Killed a centaur warrior
 15749 | D:13     | Noticed Josephine
 15753 | D:13     | Killed Josephine
 15760 | D:13     | Reached skill level 13 in Spellcasting
 15872 | D:13     | Noticed a boulder beetle
 15914 | D:13     | Noticed Sonja
 15938 | D:13     | Killed a boulder beetle
 15980 | D:13     | Killed Sonja
 16026 | D:13     | Noticed a centaur warrior
 16030 | D:13     | Killed a centaur warrior
 16274 | D:13     | Reached XP level 13. HP: 82/85 MP: 28/30
 16513 | D:13     | Learned a level 4 spell: Airstrike
 16975 | D:14     | Reached skill level 1 in Air Magic
 17003 | D:14     | Reached skill level 5 in Earth Magic
 17262 | D:14     | Found Qem Asef's Antique Armour Shoppe.
 17288 | D:14     | Found a frozen archway.
 17293 | IceCv    | Entered an ice cave
 17631 | IceCv    | Reached skill level 14 in Spellcasting
 18191 | IceCv    | Found an ancient bone altar of Kikubaaqudgha.
 18439 | IceCv    | Noticed a lich
 18449 | IceCv    | Killed a lich
 18795 | IceCv    | Learned a level 5 spell: Borgnjor's Vile Clutch
 18925 | D:14     | Gained mutation: A meltable shield of frost defends you.
                  | (SH +0) [demonic ancestry]
 18925 | D:14     | Reached XP level 14. HP: 90/91 MP: 31/32
 19130 | D:14     | Noticed Azrael
 19136 | D:14     | Killed Azrael
 20205 | D:14     | Reached skill level 10 in Conjurations
 20585 | D:14     | Reached skill level 15 in Spellcasting
 20640 | D:14     | Found the +18 shield of the Gong {Loud rN+ Will+ rCorr
                  | EV-5}
 21005 | D:15     | Entered Level 15 of the Dungeon
 21115 | D:15     | Offered knowledge of Fulminant Prism by Vehumet.
 21422 | D:15     | Found a sparkling altar of Nemelex Xobeh.
 21586 | D:15     | Identified the +2 short sword of Dullness {heavy, Will+
                  | Int+3}
 21668 | D:15     | Found a staircase to the Depths.
 22291 | Lair:1   | Entered Level 1 of the Lair of Beasts
 22297 | Lair:1   | Noticed Gastronok
 22322 | Lair:1   | Killed Gastronok
 22760 | Lair:1   | Identified the +11 sling of Jupsacih {flame, Will- Dex+6}
 22999 | Lair:1   | Found a stormy altar of Qazlal.
 23082 | Lair:1   | Reached XP level 15. HP: 81/97 MP: 33/34
 23613 | Lair:2   | Offered knowledge of Freezing Cloud by Vehumet.
 23647 | Lair:2   | Found a staircase to the Shoals.
 23965 | Lair:2   | Reached skill level 16 in Spellcasting
 24572 | Lair:3   | Found a hole to the Spider Nest.
 24683 | Lair:3   | Identified the +0 trident of War {flame, rC++}
 25114 | Lair:3   | Identified the +3 scale mail of the Purple Skies {Rampage
                  | Slay+5}
 25261 | Lair:3   | Found a transporter.
 25262 | Lair:3   | Found a transporter.
 25617 | Lair:4   | HP: 4/98 [komodo dragon (25)]
 25797 | Lair:4   | Found a viscous altar of Jiyva.
 25797 | Lair:4   | Found a staircase to the Slime Pits.
 26408 | Lair:5   | Entered Level 5 of the Lair of Beasts
 26506 | Lair:5   | Offered knowledge of Plasma Beam by Vehumet.
 26547 | Lair:5   | Noticed Rupert
 26738 | Lair:5   | Reached skill level 5 in Dodging
 26833 | Lair:5   | Reached ****** piety under Vehumet
 26975 | Lair:5   | Paralysed by Rupert for 3 turns
 26985 | Lair:5   | Killed Rupert
 27334 | Lair:5   | Reached skill level 10 in Earth Magic
 27334 | Lair:5   | Gained mutation: A meltable icy envelope protects you from
                  | harm. (AC +0) [demonic ancestry]
 27334 | Lair:5   | Reached XP level 16. HP: 56/104 MP: 36/36
 27450 | Lair:5   | Reached skill level 17 in Spellcasting
 27879 | Lair:5   | Offered knowledge of Starburst by Vehumet.
 28048 | Lair:5   | Acquired a book of Spectacle
 28089 | Lair:5   | Found a burning altar of Makhleb.
 28170 | Lair:5   | HP: 2/104 [hell hound/blast of flame (7)]
 28339 | Lair:5   | Found a gateway to Hell.
 28681 | Orc:1    | Entered Level 1 of the Orcish Mines
 28778 | Orc:1    | Found a radiant altar of Vehumet.
 28856 | Orc:2    | Entered Level 2 of the Orcish Mines
 29551 | Orc:1    | Offered knowledge of Arcjolt by Vehumet.
 29640 | Orc:1    | Paralysed by an orc sorcerer for 4 turns
 29924 | Orc:2    | Found a staircase to the Elven Halls.
 30341 | Orc:2    | Found Heocinoa's Distillery.
 30341 | Orc:2    | Found Wiuric's Magic Scroll Shop.
 30343 | Orc:2    | Found Ashremail's Jewellery Shop.
 30343 | Orc:2    | Found Vopp's Book Emporium.
 30395 | Orc:2    | Bought a scroll of identify for 32 gold pieces
 30395 | Orc:2    | Bought a scroll of blinking for 120 gold pieces
 30395 | Orc:2    | Bought a scroll of teleportation for 48 gold pieces
 30395 | Orc:2    | Bought 3 scrolls of fear for 192 gold pieces
 30520 | Elf:1    | Entered Level 1 of the Elven Halls
 31109 | Elf:1    | Offered knowledge of Ignition by Vehumet.
 31206 | Elf:1    | Learned a level 8 spell: Ignition
 31902 | Elf:2    | Learned a level 8 spell: Maxwell's Capacitive Coupling
 31957 | Elf:2    | Found a runed translucent gate.
 31957 | Elf:2    | Found a runed translucent gate.
 31958 | Elf:2    | Found a runed translucent gate.
 31961 | Elf:2    | Gained mutation: You are mostly covered in icy blue scales.
                  | (AC +3) [demonic ancestry]
 31961 | Elf:2    | Reached XP level 17. HP: 106/111 MP: 38/38
 32200 | Elf:2    | Reached skill level 18 in Spellcasting
 32638 | Elf:3    | Entered Level 3 of the Elven Halls
 32862 | Elf:3    | Reached skill level 5 in Stealth
 32962 | Elf:3    | Found Fipoul's Distillery.
 32970 | Elf:3    | Bought a potion of heal wounds for 65 gold pieces
 32970 | Elf:3    | Bought a potion of curing for 39 gold pieces
 32970 | Elf:3    | Bought a potion of heal wounds for 65 gold pieces
 32970 | Elf:3    | Bought a potion of curing for 39 gold pieces
 32970 | Elf:3    | Bought a potion of mutation for 104 gold pieces
 33219 | Elf:3    | Identified the +0 scale mail "Rarux" {Rampage Int+2}
 33371 | Elf:3    | Noticed a deep elf blademaster
 33397 | Elf:3    | Killed a deep elf blademaster
 33400 | Elf:3    | Paralysed by an air elemental for 1 turns
 33539 | Elf:3    | Reached skill level 1 in Necromancy
 33966 | Elf:3    | Noticed a deep elf blademaster
 33986 | Elf:3    | Killed a deep elf blademaster
 34118 | Elf:3    | Noticed a deep elf master archer
 34132 | Elf:3    | Killed a deep elf master archer
 34132 | Elf:3    | Offered knowledge of Fire Storm by Vehumet.
 34132 | Elf:3    | Offered knowledge of Chain Lightning by Vehumet.
 34132 | Elf:3    | Offered knowledge of Polar Vortex by Vehumet.
 34703 | Elf:3    | Noticed a deep elf master archer
 34705 | Elf:3    | Noticed a deep elf blademaster
 34705 | Elf:3    | Noticed a deep elf blademaster
 34752 | Elf:3    | Identified the +0 scale mail "Qoni" {*Slow Str+5 Dex-4
                  | SInv}
 34911 | Elf:3    | Killed a deep elf master archer
 35062 | Elf:3    | Killed a deep elf blademaster
 35100 | Elf:3    | Found the +6 arbalest "Damnation" {damnation}
 35192 | Elf:3    | Got a curling book
 35224 | Elf:3    | Identified the +1 troll leather armour of Tartarus {Rampage
                  | +Inv rElec Regen+ Int+6}
 35224 | Elf:3    | Noticed a deep elf master archer
 35235 | Elf:3    | Killed a deep elf master archer
 35250 | Elf:3    | Identified the +8 shortbow "Posh" {flame, Str+3 Int+3 Dex+3
                  | Stlth-}
 35283 | Elf:3    | Killed a deep elf blademaster
 35411 | Elf:3    | Got an uncut book
 35762 | Shoals:1 | Entered Level 1 of the Shoals
 35882 | Shoals:1 | Noticed Kirke
 35883 | Shoals:1 | Noticed Roxanne
 35889 | Shoals:1 | Killed Kirke
 36000 | Shoals:1 | Killed Roxanne
 36005 | Shoals:1 | Acquired the ring "Kigunt" {rElec rC+ MP+9}
 36418 | Shoals:1 | Reached skill level 19 in Spellcasting
 36594 | Shoals:1 | Identified the +0 plate armour of True Grit {Slay+3}
 36977 | Shoals:2 | Gained mutation: Your presence sometimes corrodes those you
                  | injure. [demonic ancestry]
 36977 | Shoals:2 | Reached XP level 18. HP: 117/117 MP: 41/41
 37817 | Shoals:3 | Noticed Mara
 38084 | Shoals:3 | Noticed Atlas's illusion
 38143 | Shoals:3 | Noticed Atlas's illusion
 38151 | Shoals:3 | Killed Mara
 39054 | Shoals:4 | Entered Level 4 of the Shoals
 39168 | Shoals:4 | Reached skill level 5 in Air Magic
 39257 | Shoals:4 | Noticed Polyphemus
 39377 | Shoals:4 | Killed Polyphemus
 39513 | Shoals:4 | Identified the staff "Cakhlel" {rPois rN+ MP-9 Int+3
                  | Poison}
 39556 | Shoals:4 | Got a barnacled rune of Zot
 39944 | Shoals:4 | Reached skill level 20 in Spellcasting
 40107 | Shoals:4 | Mangled by an alligator snapping turtle

Illustrated notes

Levels and vault maps discovered:
D:1:      scummos_arrival_simple_fountains, layout_loops_corners,
          hellmonk_ecumenical_altar_run_dry
D:2:      layout_rooms
D:3:      layout_basic, nicolae_overflow_hidden_temple, lemuel_tele_altar
D:4:      layout_loops_ring
D:5:      layout_loops_ring
D:6:      layout_basic, grunt_gozag_breadcrumbs, minmay_temple_entry_wispy,
          uniq_prince_ribbit1, uniq_blork_the_orc
D:7:      gammafunk_cloud_chamber, layout_loops_ring,
          gammafunk_temple_overflow_claw, enter_bailey_8
D:8:      old_forge, layout_rooms, nicolae_ru_the_path_less_chosen,
          nicolae_qazlal_general_emergency, minmay_overflow_temple_star_quad,
          mainiacjoe_overflow_small_starburst, minmay_fountain_box,
          minmay_manual_mail
D:9:      layout_rooms, tso_oasis_becter, minmay_orc_entry_temple_small,
          uniq_jeremiah
D:10:     layout_roguey, overflow_temple_1_default, david_lair_generic,
          serial_shops, nicolae_inconvenience_store, minmay_misc_feat_diagonals,
          dk_noncrumbling_2, serial_bayou_pond_d,
          amcnicky_mini_corridor_feature, nicolae_twisty_statue_hallways
D:11:     layout_roguey, nicolae_uskayaw_dance_hall, uniq_maurice
D:12:     layout_irregular_city, gauntlet_entry_generic, the_hattery,
          uniq_nergalle
D:13:     layout_stronghold, erik_vaults_1, uniq_sonja, uniq_josephine
D:14:     minmay_four_partial_circles, layout_loops_ring, serial_ice,
          serial_ice_o, serial_ice_c, serial_ice_a, serial_ice_d,
          portal_ice_cave_entry_pillars_1, serial_shops, shop, minivault_1,
          hellmonk_guarded_unrand_gong, uniq_azrael
D:15:     hellmonk_depths_entry_around_the_bend, layout_basic,
          grunt_decor_resistance, nemelex_diamond_rough_becter
Temple:   corrupted_temple
Lair:1:   dreamdust_isle_of_ice, layout_chaotic_city, lemuel_oklob_altar,
          uniq_gastronok
Lair:2:   layout_gridlike, shoals_dummy_entry, special_room [special_room_bee],
          grunt_megastairs_1, serial_bayou_shore_b
Lair:3:   gammafunk_boulding_lane, layout_long_grid,
          hellmonk_spider_entry_not_the_bees, infiniplex_staircase_pool,
          lemuel_fruit_fields
Lair:4:   layout_layer_cave, nicolae_slime_entry_slimehenge, beast_lair_carwin_4
Lair:5:   evil_forest, layout_regular_city, minivault_19,
          chequers_serial_rivers_small_3, lemuel_fruit_tree, uniq_rupert
Shoals:1: layout_shoals, nicolae_shoals_enchanted_isle, uniq_roxanne, uniq_kirke
Shoals:2: nicolae_shoals_offshore_bank_account, layout_shoals
Shoals:3: layout_shoals, uniq_mara
Shoals:4: shoals_end_simple, layout_shoals, uniq_polyphemus
Orc:1:    layout_caves, lemuel_statue_altar
Orc:2:    grunt_orc_tribal_feast, layout_diamond_mine, minmay_orc_temple_a
Elf:1:    layout_onion_city, hangedman_elf_represent
Elf:2:    elven_hall_of_blades_hangedman_original
          [nicolae_blade_entry_area_security], layout_gridlike
Elf:3:    minmay_elf_hall, layout_geoelf_grid, serial_shops, shop

Skill      XL: |  1  2  3  4  5  6  7  8  9 10 11 12 13 14 15 16 17 18 |
---------------+-------------------------------------------------------+-----
Stealth        | 2 3 4 5 |  5.0
Fire Magic     | 3 4 5 7 8 9 10 11 12 13 | 13.0
Dodging        | 2 3 4 5 6 |  6.0
Spellcasting   | 3 4 5 6 8 9 11 13 14 15 16 17 19 20 | 20.0
Conjurations   | 2 3 5 6 8 9 11 12 13 14 | 14.4
Short Blades   | 1 |  1.3
Armour         | 1 2 3 4 |  4.7
Fighting       | 1 2 3 |  3.7
Shields        | 1 2 3 4 |  4.3
Earth Magic    | 1 4 6 8 10 11 12 | 12.7
Evocations     | 1 |  1.4
Air Magic      | 1 2 4 5 |  5.7
Necromancy     | 2 |  2.3
Staves         | |  0.5

Action                     |  1- 3 |  4- 6 |  7- 9 | 10-12 | 13-15 | 16-18 || total
---------------------------+-------+-------+-------+-------+-------+-------++-------
  Melee: Unarmed           |     2 |       |       |       |       |       ||     2
         Dagger            |    14 |    19 |       |       |       |       ||    33
         Tailslap          |     2 |     4 |     2 |     1 |     4 |     1 ||    14
         Staff             |       |       |    10 |     8 |     7 |     3 ||    28
   Cast: Foxfire           |    82 |    29 |   133 |    96 |    29 |    43 ||   412
         Scorch            |     8 |    30 |   103 |   141 |    44 |    14 ||   340
         Flame Wave        |       |       |     4 |    19 |    29 |    16 ||    68
         Fireball          |       |       |       |    23 |    18 |    47 ||    88
         Stone Arrow       |       |       |       |   141 |   633 |   657 ||  1431
         Swiftness         |       |       |       |     1 |       |     1 ||     2
         Lee's Rapid Decon |       |       |       |     1 |    24 |    47 ||    72
         Airstrike         |       |       |       |       |    12 |   130 ||   142
         Borgnjor's Vile C |       |       |       |       |     2 |    36 ||    38
         Ignition          |       |       |       |       |       |    38 ||    38
  Evoke: Wand              |       |       |     6 |     7 |     5 |       ||    18
         Sack of spiders   |       |       |       |     1 |     3 |     1 ||     5
    Use: Scroll            |       |       |    12 |    11 |     6 |     9 ||    38
         Potion            |       |       |     5 |     6 |     3 |     3 ||    17
 Armour: Robe              |    11 |     8 |       |     5 |    99 |       ||   123
         Leather armour    |       |     8 |    45 |   145 |       |       ||   198
         Troll leather arm |       |       |       |       |   217 |   414 ||   631
  Dodge: Dodged            |    19 |    19 |   108 |   121 |   229 |   203 ||   699
  Block: Buckler           |       |       |    10 |    46 |   134 |   161 ||   351

Table legend: (Time is in decaauts)
 A = Elapsed time spent in this place.
 B = Non-inter-level travel time spent in this place.
 C = Inter-level travel time spent in this place.
 D = Time resting spent in this place.
 E = Time spent auto-exploring this place.
 F = Levels seen in this place.
 G = Mean time per level.
                   A        B        C        D        E       F      G
               +--------+--------+--------+--------+--------+-----+--------+
         Total |  40459 |  38674 |   1785 |   8291 |  22205 |  33 | 1226.0 |
       Dungeon |  18684 |  17820 |    864 |   3194 |  11758 |  15 | 1245.6 |
        Temple |     73 |     42 |     31 |      0 |     41 |   1 |   73.0 |
          Lair |   6383 |   6001 |    382 |    611 |   3967 |   5 | 1276.6 |
        Shoals |   4629 |   4534 |     95 |    974 |   2639 |   4 | 1157.2 |
  Orcish Mines |   1901 |   1743 |    158 |    244 |   1191 |   2 |  950.5 |
   Elven Halls |   5095 |   4843 |    252 |   1492 |   2062 |   3 | 1698.3 |
        Bailey |   1000 |   1000 |      0 |    460 |    196 |   1 | 1000.0 |
      Ice Cave |   1617 |   1617 |      0 |    853 |    351 |   1 | 1617.0 |
      Gauntlet |   1073 |   1073 |      0 |    462 |      0 |   1 | 1073.0 |
               +--------+--------+--------+--------+--------+-----+--------+

Top non-repeatable levels by time:
   Elf:3: 2804 daAuts
    D:14: 2728 daAuts
  Lair:5: 2014 daAuts
     D:7: 1623 daAuts
   IceCv: 1617 daAuts
Shoals:2: 1470 daAuts
    D:13: 1463 daAuts
     D:1: 1439 daAuts
     D:3: 1433 daAuts
    D:12: 1383 daAuts
Shoals:1: 1284 daAuts
   Orc:2: 1246 daAuts
   Elf:1: 1241 daAuts
    D:11: 1224 daAuts
    D:15: 1223 daAuts
